 Dungeon Crawl Stone Soup version 0.22.0-32-gbc6daba (webtiles) character file.

9 Monsterracer the Grasshopper (level 2, -1/13 HPs)
             Began as a Felid Warper on Aug 24, 2018.
             Slain by a hobgoblin (3 damage)
             ... on level 1 of the Dungeon.
             The game lasted 00:01:01 (315 turns).

Monsterracer the Grasshopper (Felid Warper)          Turns: 315, Time: 00:01:02

Health: -1/13      AC:  1    Str:  7    XL:     2   Next: 3%
Magic:  6/6        EV: 18    Int: 14    God:
Gold:   10         SH:  0    Dex: 15    Spells: 5/5 levels left
                                        Lives:  0   Deaths: 0

rFire    . . .     SeeInvis +     - Unarmed
rCold    . . .     Gourm    .   (shield unavailable)
rNeg     . . .     Faith    .   (armour unavailable)
rPois    .         Spirit   .   (helmet unavailable)
rElec    .         Reflect  .   (cloak unavailable)
rCorr    .         Harm     .   (gloves unavailable)
MR       .....                  (boots unavailable)
Stlth    ++........             (no amulet)
HPRegen  0.04/turn              (no ring)
MPRegen  0.10/turn              (no ring)

@: quick
A: very small, no armour, no weapons or thrown items, stealth, claws 1, fangs 3,
see invisible, carnivore, speed 1, shaggy fur 1, slow metabolism 1, sharp paws
a: no special abilities


You were on level 1 of the Dungeon.
You were full.

You visited 1 branch of the dungeon, and saw 1 of its levels.

You collected 10 gold pieces.

Inventory:

Scrolls
 a - 2 scrolls of identify {unknown}
 b - a scroll of blinking
 d - a scroll of remove curse {unknown}
 f - 2 scrolls of enchant weapon {unknown}
Potions
 e - a potion of brilliance {unknown}
Comestibles
 c - a ration


   Skills:
 - Level 2.0 Fighting
 - Level 3.2 Dodging
 + Level 1.3 Stealth
 * Level 2.5 Unarmed Combat
 - Level 2.0 Spellcasting
   Level 4.4 Translocations


You had 5 spell levels left.
You didn't know any spells.
Your spell library contained the following spells:

 Spells                   Type           Power        Failure   Level  Hunger
 Blink                    Tloc           N/A          6%          2    ###....
 Gell's Gravitas          Tloc           ##........   12%         3    ####...
 Lesser Beckoning         Tloc           ##........   12%         3    ####...
 Teleport Other           Tloc           ##......     12%         3    ####...
 Shroud of Golubria       Chrm/Tloc      #.........   14%         2    ###....
 Passage of Golubria      Tloc           N/A          36%         4    #####..


Dungeon Overview and Level Annotations

Branches:
Dungeon (1/15)

Altars:


Innate Abilities, Weirdness & Mutations

You cannot wear armour.
You are incapable of wielding weapons or throwing items.
Your paws allow you to move quietly. (Stealth)
You have sharp claws.
You have razor-sharp teeth.
You have supernaturally acute eyesight. (SInv)
You are carnivorous and can eat meat at any time.
You cover ground quickly.
You are covered in fur. (AC +1)
You have a slow metabolism.
Your sharp claws are effective at attacking unaware monsters.


Message History

The kobold closely misses you.
You scratch the kobold but do no damage.
The kobold is severely wounded.
The kobold completely misses you.
You closely miss the kobold.
The kobold is severely wounded.
The kobold misses you.
You scratch the kobold.
You kill the kobold!
You see here a kobold corpse.
Key pressed, stopping explore.
HP restored.
A kobold comes into view. It is wielding a dagger.
The kobold shouts!
Found a scroll labeled ECRUER KIMI and 4 poisoned needles.
Health restored: 9 A kobold is nearby!
A kobold is nearby!
A frilled lizard comes into view.
The kobold misses you.
The frilled lizard hisses angrily.
You scratch the kobold.
You kill the kobold!
The frilled lizard closely misses you.
Things that are here:
a dagger; a kobold corpse You scratch the frilled lizard.
You kill the frilled lizard!
Your Stealth skill increases to level 1!
f - 2 scrolls labeled ECRUER KIMI (gained 1)
A kobold comes into view.
A kobold is nearby!
A rat and a kobold come into view.
The kobold shouts!
You hear a shout!
The rat moves out of view.
Found a scroll labeled JERUOLOTUE.
The kobold shouts!
You scratch the kobold.
The kobold is severely wounded.
The kobold misses you.
You closely miss the kobold.
The kobold is severely wounded.
You scratch the kobold but do no damage.
The kobold is severely wounded.
The kobold barely misses you.
You closely miss the kobold.
The kobold is heavily wounded.
A hobgoblin comes into view.
The kobold barely misses you. The rat misses you. The kobold hits you.
You take 4 damage, and have 5/9 hp.
MASSIVE DAMAGE!!
You are too injured to fight recklessly!
You are too injured to fight recklessly!
The kobold closely misses you. The kobold closely misses you.
You closely miss the kobold.
The kobold is heavily wounded.
You swing at nothing.
The kobold misses you.
The kobold throws a stone.
The stone closely misses you.
The kobold throws a stone.
The stone misses you.
You start resting.
The rat is too close now for your liking.
You scratch the rat but do no damage. You bite the rat, but do no damage.
The rat completely misses you.
You scratch the rat.
You kill the rat!
You scratch the kobold but do no damage.
The kobold hits you but does no damage.
You claw the kobold!
You kill the kobold!
You barely miss the kobold.
The kobold is heavily wounded.
The kobold hits you.
* * * LOW HITPOINT WARNING * * *
You take 2 damage, and have 3/9 hp.
MASSIVE DAMAGE!!
You barely miss the kobold.
The kobold is heavily wounded.
The kobold misses you.
You barely miss the kobold.
The kobold is heavily wounded.
The kobold hits you.
* * * LOW HITPOINT WARNING * * *
You take 2 damage, and have 2/9 hp.
MASSIVE DAMAGE!!
You scratch the kobold.
The kobold is severely wounded.
The kobold barely misses you.
You scratch the kobold.
You kill the kobold!
You have reached level 2!
MP restored: 6 You start resting.
The hobgoblin is too close now for your liking.
You scratch the hobgoblin.
The hobgoblin is heavily wounded.
The hobgoblin hits you.
* * * LOW HITPOINT WARNING * * *
You take 2 damage, and have 1/13 hp.
You scratch the hobgoblin.
The hobgoblin is severely wounded.
The hobgoblin hits you.
You die...

## #..#..##............
.###.§≈≈##..[.....)...
#.##..≈###.......#...#
#.#..##.g........#####
#g#..g###.......#
##.#.##(##.......#
##.####.#≈#.......#####
#...#g#≈#.#............
#.###.#@#.###......####.
####≈.#####.##......#
#.....#..#..#.#.........
#..≈≈#.#.#...<#....######.
###############....#
#.#... .....# .......


You could see a hobgoblin.

Vanquished Creatures
  A hobgoblin (D:1)
  5 kobolds (D:1)
  A frilled lizard (D:1)
  2 rats (D:1)
9 creatures vanquished.

Notes
Turn   | Place    | Note
-------+----------+-------------------------------------------
     0 | D:1      | Monsterracer the Felid Warper began the quest for the Orb.
     0 | D:1      | Reached XP level 1. HP: 9/9 MP: 4/4
    82 | D:1      | HP: 4/9 [kobold (3)]
   253 | D:1      | Reached skill level 1 in Stealth
   282 | D:1      | HP: 3/9 [kobold (2)]
   286 | D:1      | Reached XP level 2. HP: 2/13 MP: 6/6
   314 | D:1      | HP: 1/13 [hobgoblin (2)]
   315 | D:1      | Slain by a hobgoblin

Skill      XL: |  1 |
---------------+----+-----
Stealth        | 1 |  1.3
Fighting       | |  2.0
Dodging        | |  3.2
Unarmed Combat | |  2.5
Spellcasting   | |  2.0
Translocations | |  4.4

Action                   || total
-------------------------++-------
Melee: Unarmed           ||    30
       Bite              ||     1
  Eat: Chunk             ||     3
Armor: Skin              ||     1
Dodge: Dodged            ||    22

Vault maps used:
D:1:      dpeg_arrival_brainrot
